 Dungeon Crawl Stone Soup version 0.25-a0-670-g50981ef59b (webtiles) character file.

Game seed: 1023882046206492144, levelgen mode: deterministic

17 Error4North the Magician (level 2, -1/20 HPs)
             Began as a Draconian Wizard on Mar 29, 2020.
             Succumbed to an adder's poison
             ... on level 1 of the Dungeon.
             The game lasted 00:05:58 (1288 turns).

Error4North the Magician (Draconian Wizard)         Turns: 1288, Time: 00:05:59

Health: -1/20      AC:  4    Str:  9    XL:     2   Next: 44%
Magic:  0/6        EV: 12    Int: 18    God:
Gold:   15         SH:  0    Dex:  7    Spells: 0/7 levels left

rFire    . . .     SeeInvis .   (no weapon)
rCold    . . .     Gourm    .   (no shield)
rNeg     . . .     Faith    .   (armour unavailable)
rPois    .         Spirit   .   a - +0 hat
rElec    .         Reflect  .   (no cloak)
rCorr    .         Harm     .   (no gloves)
MR       .....                  (no boots)
Stlth    +.........             (no amulet)
HPRegen  0.06/turn              (no ring)
MPRegen  0.10/turn              (no ring)

@: lethally poisoned (-1 -> -18), very slightly contaminated
A: unfitting armour, stinger 1, clumsy 1, cold-blooded, AC +4
a: no special abilities


You were on level 1 of the Dungeon.
You were very hungry.

You visited 1 branch of the dungeon, and saw 2 of its levels.

You collected 15 gold pieces.

Inventory:

Missiles
 e - 28 stones (quivered)
Armour
 a - a +0 hat (worn)
Scrolls
 b - a scroll of remove curse {unknown}
 f - a scroll of blinking {unknown}
 g - a scroll of amnesia {unknown}
Comestibles
 c - 4 rations


   Skills:
 * Level 2.0 Dodging
 * Level 1.8 Stealth
 * Level 3.3 Spellcasting
 * Level 1.4 Conjurations
 * Level 1.1 Summonings
 * Level 1.0 Translocations


You couldn't memorise any spells.
You knew the following spells:

 Your Spells              Type           Power        Failure   Level  Hunger
a - Magic Dart            Conj           #...         9%          1    None
b - Blink                 Tloc           N/A          16%         2    ##.....
c - Call Imp              Summ           #.......     14%         2    ##.....
d - Slow                  Hex            #.......     24%         2    ##.....

Your spell library contained the following spells:

 Spells                   Type           Power        Failure   Level  Hunger
 Conjure Flame            Conj/Fire      #.......     34%         3    ###....
 Mephitic Cloud           Conj/Pois/Air  #.......     36%         3    ###....


Dungeon Overview and Level Annotations

Branches:
Dungeon (2/15)

Altars:


Innate Abilities, Weirdness & Mutations

Your plain brown scales are hard. (AC +4)
You cannot fit into any form of body armour.
You are cold-blooded and may be slowed by cold attacks.
Your tail ends in a poisonous barb.
You are clumsy. (Dex -2)


Message History

* * * LOW HITPOINT WARNING * * *
You feel sick.
Your crimson imp misses the adder.
The adder completely misses you.
Unknown command.
You hit the adder but do no damage.
The adder is lightly wounded.
* * * LOW HITPOINT WARNING * * *
You feel sick.
Your crimson imp hits the adder but does no damage.
The adder barely misses you.
You miss the adder.
The adder is lightly wounded.
Your crimson imp disappears in a puff of smoke!
The adder bites you.
* * * LOW HITPOINT WARNING * * *
You are more poisoned.
The adder poisons you! The adder barely misses you.
You barely miss the adder.
The adder is lightly wounded.
You die...

#.###..####.########......
#.#.............(.........
#.#.##..###.########.####.
#.#.#...# #.# #.#..#.
#.#.###.###.# #.#..#.
#.#.# #..##.# #.#..#.
#.#.# #..##.# #.#..#.
#.#.# #...#.# #.#..#.
#.#.# #.#@#.# #.#..#.
#.#.# #.#S#.# #.#..#.
#.#.# #.#ยง..# #.#..#.
#.#.# #.##..########.#..#.
#.#.# #.##...........#..#.
#.#.# #.###>##########).#.
########.#.# #.#.^...#
#..#. ......##.#.#
#.#.....# #..#.
......##.#.# #.#.....#
#>.##


You could see an adder.

Vanquished Creatures
  A bat (D:2)
  3 goblins
  4 hobgoblins (D:1)
  2 frilled lizards (D:1)
  2 kobolds (D:1)
  5 rats (D:1)
17 creatures vanquished.

Notes
Turn   | Place    | Note
-------+----------+-------------------------------------------
     0 | D:1      | Error4North the Draconian Wizard began the quest for the
                  | Orb.
     0 | D:1      | Reached XP level 1. HP: 14/14 MP: 4/4
   360 | D:1      | Reached XP level 2. HP: 20/20 MP: 0/6
   366 | D:1      | Learned a level 2 spell: Blink
   369 | D:1      | Learned a level 2 spell: Call Imp
   372 | D:1      | Learned a level 2 spell: Slow
  1285 | D:1      | Gained mutation: You are clumsy. (Dex -2) [potion of
                  | mutation]
  1285 | D:1      | Gained mutation: Your tail ends in a poisonous barb.
                  | [potion of mutation]
  1287 | D:1      | HP: 1/20 [adder (1)]
  1288 | D:1      | Succumbed to an adder's poison

Levels and vault maps discovered:
D:1:      lightli_arrival_flooded_house, layout_basic
D:2:      layout_rooms, chequers_ecumenical_altar_lobes, first_ration

Skill      XL: |  1  2 |
---------------+-------+-----
Dodging        | 2 |  2.0
Stealth        | |  1.8
Spellcasting   | |  3.3
Conjurations   | |  1.4
Summonings     | |  1.1
Translocations | |  1.0

Action                   || total
-------------------------++-------
Melee: Unarmed           ||    41
 Cast: Magic Dart        ||    27
       Blink             ||     1
       Call Imp          ||     1
  Use: Potion            ||     1
Armor: Skin              ||    13
Dodge: Dodged            ||    26

Table legend:
 A = Non-vault XP
 B = Vault XP
 C = Vault XP percentage of total XP
 D = Non-vault monster count
 E = Vault monster count
 F = Vault count percentage of total count
                 A         B        C        D         E       F
            +---------+---------+-------+---------+---------+-------
      Total |      25 |       0 |   0.0 |      17 |       0 |   0.0
            +---------+---------+-------+---------+---------+-------
        D:1 |      21 |       0 |   0.0 |      15 |       0 |   0.0
        D:2 |       4 |       0 |   0.0 |       2 |       0 |   0.0
            +---------+---------+-------+---------+---------+-------
